[Event "EYCC Open U20 2021"]
[Site "Tornelo"]
[Date "2021.10.15"]
[Round "1.1"]
[White "Stoleriu, George"]
[Black "Murzin, Volodar"]
[Result "1/2-1/2"]
[ECO "B13"]
[WhiteElo "2373"]
[BlackElo "2513"]
[Annotator "ChessBase"]
[PlyCount "47"]
[EventDate "2021.10.15"]
[EventType "swiss"]
[EventCountry "NET"]
[SourceTitle "playchess.com"]
[Source "ChessBase"]
[SourceQuality "1"]
[TimeControl "5400+30"]

1. e4 c6 2. d4 d5 3. exd5 cxd5 4. Nf3 Nc6 5. Ne5 a6 6. c4 Nxe5 7. dxe5 e6 8. cxd5 Ne7 9. Nc3 exd5 10. Bg5 Qc7 11. Bxe7 Bxe7 12. Qxd5 Be6 13. Qe4 Qb6 14. Qa4+ Kf8 15. Qc2 Qa5 16. Be2 Qxe5 17. O-O Rd8 18. Bf3 b5 19. Rad1 g6 20. Rfe1 Rxd1 21. Qxd1 Qd6 22. Nd5 Bxd5 23. Qxd5 Kg7 24. Qxd6 1/2-1/2

[Event "EYCC Open U20 2021"]
[Site "Tornelo"]
[Date "2021.10.15"]
[Round "1.2"]
[White "Salemgareev, Tagir"]
[Black "Levin, Guy"]
[Result "1-0"]
[ECO "D24"]
[WhiteElo "2489"]
[BlackElo "2359"]
[Annotator "ChessBase"]
[PlyCount "75"]
[EventDate "2021.10.15"]
[EventType "swiss"]
[EventCountry "NET"]
[SourceTitle "playchess.com"]
[Source "ChessBase"]
[SourceQuality "1"]
[TimeControl "5400+30"]

1. d4 d5 2. c4 e6 3. Nf3 Nf6 4. Nc3 dxc4 5. e4 b5 6. e5 Nd5 7. Nxb5 Nb6 8. Be2 Nc6 9. O-O Bb7 10. Qd2 Be7 11. Qf4 Qd7 12. Be3 Nb4 13. Nc3 h6 14. Qg3 g5 15. b3 cxb3 16. axb3 N4d5 17. Nxd5 Nxd5 18. Nd2 h5 19. Ne4 g4 20. Bg5 Bxg5 21. Nxg5 Ne7 22. Qf4 Nf5 23. Rfd1 Qd5 24. f3 gxf3 25. Bxf3 Qb5 26. d5 Qb6+ 27. Kh1 Qe3 28. Qa4+ Kf8 29. Qb4+ Kg7 30. Nxe6+ fxe6 31. Qxb7 h4 32. Qxc7+ Kg6 33. h3 Rac8 34. Qd7 Ng3+ 35. Kh2 Qxe5 36. Qxe6+ Qxe6 37. dxe6 Rhe8 38. Rxa7 1-0

[Event "EYCC Open U20 2021"]
[Site "Tornelo"]
[Date "2021.10.15"]
[Round "1.3"]
[White "Garayev, Kanan"]
[Black "Ioannidis, Evgenios"]
[Result "1-0"]
[ECO "A30"]
[WhiteElo "2339"]
[BlackElo "2445"]
[Annotator "NA"]
[PlyCount "75"]
[EventDate "2021.10.15"]
[EventType "swiss"]
[EventCountry "NET"]
[SourceTitle "playchess.com"]
[Source "ChessBase"]
[SourceQuality "1"]
[TimeControl "5400+30"]

1. d4 d5 2. c4 e6 3. g3 dxc4 4. Nf3 c5 5. Bg2 Nc6 6. Qa4 Bd7 7. dxc5 Ne5 8. Qb4 Nxf3+ 9. Bxf3 Rc8 10. Qxb7 Bxc5 11. Nc3 Nf6 12. Bf4 O-O 13. O-O Qe8 14. Rfd1 e5 15. Bg5 Bc6 16. Bxc6 Qxc6 17. Qxc6 Rxc6 18. Bxf6 gxf6 19. Nd5 Rb8 20. b3 cxb3 21. axb3 Kg7 22. Rdc1 Rxb3 23. e3 $11 Rb7 24. Ra4 Rb5 25. Rac4 f5 26. R1c2 Rd6 27. Nc7 Rb1+ 28. Kg2 Ba3 29. Ne8+ Kf8 30. Nxd6 Bxd6 31. Ra2 Bb8 32. Rc8+ Kg7 33. Rd2 e4 34. Rd5 Kg6 35. Rc6+ f6 36. Rd7 a5 37. Rc8 f4 38. exf4 1-0

[Event "EYCC Open U20 2021"]
[Site "Tornelo"]
[Date "2021.10.15"]
[Round "1.4"]
[White "Dudin, Gleb"]
[Black "Crevatin, Leo"]
[Result "1/2-1/2"]
[ECO "A12"]
[WhiteElo "2438"]
[BlackElo "2275"]
[Annotator "ChessBase"]
[PlyCount "47"]
[EventDate "2021.10.15"]
[EventType "swiss"]
[EventCountry "NET"]
[SourceTitle "playchess.com"]
[Source "ChessBase"]
[SourceQuality "1"]
[TimeControl "5400+30"]

1. c4 c6 2. Nf3 d5 3. b3 Nf6 4. Bb2 Bf5 5. g3 e6 6. Bg2 h6 7. O-O Be7 8. d3 O-O 9. Nbd2 Nbd7 10. a3 a5 11. Qb1 Bh7 12. b4 dxc4 13. Nxc4 axb4 14. axb4 Nd5 15. b5 cxb5 16. Nce5 Nxe5 17. Bxe5 Rxa1 18. Qxa1 f6 19. Bb2 Qd7 20. Bh3 Bg6 21. Nd4 Bf7 22. Rc1 b4 23. Qa5 Rd8 24. Nb5 1/2-1/2

[Event "EYCC Open U20 2021"]
[Site "Tornelo"]
[Date "2021.10.15"]
[Round "1.5"]
[White "Kalogridis, Antonios"]
[Black "Ibrahimli, Murad"]
[Result "1/2-1/2"]
[ECO "E20"]
[WhiteElo "2275"]
[BlackElo "2435"]
[Annotator "NA"]
[PlyCount "147"]
[EventDate "2021.10.15"]
[EventType "swiss"]
[EventCountry "NET"]
[SourceTitle "playchess.com"]
[Source "ChessBase"]
[SourceQuality "1"]
[TimeControl "5400+30"]

1. d4 Nf6 2. c4 e6 3. Nc3 Bb4 4. f3 c5 5. d5 b5 6. e4 bxc4 7. Bxc4 Nxd5 8. Bxd5 exd5 9. Qxd5 Nc6 10. Nge2 Ba6 11. Be3 Qb6 {[%emt 0:00:36] [#]} 12. Kf2 $1 O-O 13. a3 ({Wrong is} 13. Qxd7 $2 Bxc3 14. bxc3 Bxe2 $19) 13... Bxc3 14. bxc3 d6 15. Rab1 Qc7 16. Rhd1 Rad8 17. Bg5 Ne7 18. Bxe7 Qxe7 19. c4 Bc8 20. Nc3 Be6 21. Qd3 f5 22. Re1 Qf7 23. Nd5 Kh8 24. Rbd1 fxe4 25. Qxe4 Rde8 26. Ne3 Qc7 27. Qd3 Rd8 28. Nd5 Qf7 29. Qe4 Rfe8 30. Re3 Bxd5 31. Qxd5 Qf4 32. Re4 Rxe4 33. Qxe4 Qf6 $14 34. Kg1 h6 35. Qd3 Qb2 36. Rd2 Qa1+ 37. Rd1 Qe5 38. Qe4 Qf6 39. Qd3 a5 40. Qd2 a4 41. Qa5 Qh4 42. Qxa4 d5 43. Qa5 d4 44. Qxc5 d3 45. g3 Qf6 46. Qe3 Qc3 47. c5 Qb3 48. Rd2 Qxa3 49. Kg2 Qc1 50. g4 Qc4 51. Kg3 Rd4 52. f4 Rd8 53. c6 Qxc6 54. Rxd3 Re8 55. Qd2 Qb6 56. Qf2 Qb1 57. Re3 Rc8 58. Qe1 Qb8 59. h4 Rf8 60. Re5 Rd8 61. h5 Qb3+ 62. Re3 Qf7 63. Qe2 Rf8 64. Re4 Qc7 65. Qe3 Qc6 66. Re6 Qb5 67. f5 Qb8+ 68. Kh3 Qb1 69. Re8 Rxe8 70. Qxe8+ Kh7 71. Qg6+ Kh8 72. Qe8+ Kh7 73. Qg6+ Kh8 74. Qe8+ 1/2-1/2

[Event "EYCC Open U20 2021"]
[Site "Tornelo"]
[Date "2021.10.15"]
[Round "1.6"]
[White "Sokolovsky, Yahli"]
[Black "Tryggestad, Andreas Garberg"]
[Result "1-0"]
[ECO "B48"]
[WhiteElo "2422"]
[BlackElo "2268"]
[Annotator "NA"]
[PlyCount "91"]
[EventDate "2021.10.15"]
[EventType "swiss"]
[EventCountry "NET"]
[SourceTitle "playchess.com"]
[Source "ChessBase"]
[SourceQuality "1"]
[TimeControl "5400+30"]

1. e4 c5 2. Nf3 e6 3. d4 cxd4 4. Nxd4 Nc6 5. Nc3 Qc7 6. Be3 Nf6 7. Qf3 a6 8. O-O-O Ne5 9. Qg3 h5 $14 10. f4 Neg4 11. Bg1 b5 12. e5 b4 13. Nb1 Nd5 14. h3 Nh6 15. Nd2 Bb7 16. Nc4 Rc8 17. Bd3 g6 18. f5 gxf5 19. Nd6+ Bxd6 20. exd6 Qd8 21. Nxf5 Rg8 22. Ng7+ Kf8 23. Bd4 f6 24. Qg6 Nf7 25. Rhf1 Rxg7 26. Qxh5 Nxd6 27. Qh4 Ne8 28. Qh8+ Ke7 29. g4 e5 30. Bxe5 Rc6 31. Rde1 Re6 32. Bg3 Rf7 33. Bf5 Qb6 34. Bxe6 dxe6 35. g5 Kd7 36. Be5 Qa5 37. gxf6 b3 38. Qg8 Rxf6 39. Bxf6 Nexf6 40. Qxe6+ Kc7 41. Qe5+ Kc8 42. Rxf6 bxa2 43. Qe8+ Qd8 44. Qxd8+ Kxd8 45. Rf8+ Kd7 46. Kd2 1-0

[Event "EYCC Open U20 2021"]
[Site "Tornelo"]
[Date "2021.10.15"]
[Round "1.8"]
[White "Pantzar, Milton"]
[Black "Bruaset, Eivind"]
[Result "1-0"]
[ECO "C00"]
[WhiteElo "2413"]
[BlackElo "2200"]
[Annotator "NA"]
[PlyCount "125"]
[EventDate "2021.10.15"]
[EventType "swiss"]
[EventCountry "NET"]
[SourceTitle "playchess.com"]
[Source "ChessBase"]
[SourceQuality "1"]
[TimeControl "5400+30"]

1. e4 e6 2. Nf3 d5 3. e5 c5 4. g3 Nc6 5. Bg2 f6 6. exf6 Nxf6 7. O-O Bd6 8. c4 O-O 9. d4 Kh8 10. Bg5 Qb6 11. Bxf6 Rxf6 12. cxd5 Nxd4 13. Nc3 Bd7 14. Nxd4 cxd4 15. Ne4 Rf5 16. Nxd6 Qxd6 17. Qxd4 exd5 18. Rad1 Bc6 19. Rfe1 $14 a6 20. f4 Rd8 21. Rd2 Qf6 22. h4 Qxd4+ 23. Rxd4 Rff8 24. Kf2 Rfe8 25. Rxe8+ Rxe8 26. g4 Rd8 27. g5 Kg8 28. Kg3 Kf7 29. f5 Ke7 30. Kf4 Kd6 31. Rd1 Re8 32. Bf3 a5 33. h5 h6 34. gxh6 gxh6 35. a3 a4 36. Rg1 d4 37. Rg6+ Kc5 38. f6 Bxf3 39. Kxf3 d3 40. f7 Rf8 41. Rf6 Kd4 42. Rf5 b5 43. Rf6 Ke5 44. Rxh6 Rxf7+ 45. Ke3 Rd7 46. Kd2 Kd4 47. Rg6 Rf7 48. Rg4+ Kd5 49. Rh4 Rh7 50. h6 Kc5 51. Kxd3 Kd5 52. Rh5+ Kc6 53. Kd4 Rd7+ 54. Kc3 Rh7 55. Kb4 Kd6 56. Kxb5 Rb7+ 57. Kxa4 Rh7 58. b4 Kc6 59. b5+ Kb6 60. Kb3 Ka5 61. Kc3 Rc7+ 62. Kd4 Rh7 63. Ke4 1-0

[Event "EYCC Open U20 2021"]
[Site "Tornelo"]
[Date "2021.10.15"]
[Round "1.9"]
[White "Melaugh, Shane"]
[Black "Leisch, Lukas"]
[Result "0-1"]
[ECO "A21"]
[WhiteElo "2175"]
[BlackElo "2406"]
[Annotator "ChessBase"]
[PlyCount "62"]
[EventDate "2021.10.15"]
[EventType "swiss"]
[EventCountry "NET"]
[SourceTitle "playchess.com"]
[Source "ChessBase"]
[SourceQuality "1"]
[TimeControl "5400+30"]

1. c4 e5 2. Nc3 Bb4 3. g3 Bxc3 4. bxc3 d6 5. Bg2 Ne7 6. d3 Nbc6 7. f4 f6 8. Nh3 Be6 9. e4 Qd7 10. f5 Bf7 11. O-O Na5 12. Rb1 b6 13. g4 h6 14. Rf2 Rd8 15. Be3 Qc6 16. Kh1 Kd7 17. Rfb2 Rdg8 18. Rb5 g5 19. Nf2 h5 20. Bf3 Rg7 21. gxh5 Rgh7 22. Ng4 Ng8 23. h6 Bh5 24. Kg2 Bxg4 25. Bxg4 Nxh6 26. Bg1 Nxg4 27. Qxg4 Rh4 28. Qg3 Nxc4 29. Rd5 Na5 30. Qe1 Qa4 31. Rdb5 Qc2+ 0-1

[Event "EYCC Open U20 2021"]
[Site "Tornelo"]
[Date "2021.10.15"]
[Round "1.10"]
[White "Koelle, Tobias"]
[Black "Kirilmaz, Emre"]
[Result "0-1"]
[ECO "E17"]
[WhiteElo "2393"]
[BlackElo "2147"]
[Annotator "NA"]
[PlyCount "132"]
[EventDate "2021.10.15"]
[EventType "swiss"]
[EventCountry "NET"]
[SourceTitle "playchess.com"]
[Source "ChessBase"]
[SourceQuality "1"]
[TimeControl "5400+30"]

1. d4 Nf6 2. c4 e6 3. Nf3 b6 4. g3 Bb7 5. Bg2 Be7 6. O-O O-O 7. d5 exd5 8. Nh4 c6 9. cxd5 Nxd5 10. Nf5 Nf6 11. e4 d5 12. e5 Ne8 13. Nc3 $15 Na6 14. h4 Nac7 15. h5 Bb4 16. Qg4 Bxc3 17. bxc3 Bc8 18. Qf4 f6 19. Ba3 c5 20. Ne3 Be6 21. c4 fxe5 22. Qxe5 Qf6 23. Bb2 d4 24. Qxf6 Nxf6 25. Bxa8 Rxa8 26. Ng2 Bxc4 27. Rfc1 b5 28. a4 a6 29. Nf4 Rc8 30. axb5 axb5 31. Ra7 Ncd5 32. Nxd5 Nxd5 33. Re1 h6 34. Rb7 b4 35. Ra1 Nf6 36. Rc1 Bd5 37. Rxb4 d3 38. Rb5 d2 39. Rd1 Re8 40. Bc3 Bf3 41. Rbb1 Ne4 42. Rxd2 Nxc3 43. Ra1 c4 44. Rc2 Ne2+ 45. Kh2 c3 46. Ra4 Bxh5 47. Rc4 Bg6 48. R4xc3 Nxc3 49. Rxc3 Re2 50. Kg2 Be4+ 51. Kf1 Rc2 52. Re3 Bc6 53. Re7 Bf3 54. Ke1 Rc1+ 55. Kd2 Rd1+ 56. Kc3 Rf1 57. Kd4 Rxf2 58. Ra7 Bh5 59. Ke5 Rf3 60. Ke6 Rxg3 61. Ra8+ Kh7 62. Rb8 Rf3 63. Rd8 Bg4+ 64. Ke7 Re3+ 65. Kf8 Bh5 66. Re8 Rxe8# 0-1

[Event "EYCC Open U20 2021"]
[Site "Tornelo"]
[Date "2021.10.15"]
[Round "1.11"]
[White "Nordquelle, Daniel"]
[Black "Rozen, Eytan"]
[Result "0-1"]
[ECO "B12"]
[WhiteElo "2143"]
[BlackElo "2386"]
[Annotator "ChessBase"]
[PlyCount "60"]
[EventDate "2021.10.15"]
[EventType "swiss"]
[EventCountry "NET"]
[SourceTitle "playchess.com"]
[Source "ChessBase"]
[SourceQuality "1"]
[TimeControl "5400+30"]

1. e4 c6 2. d4 d5 3. e5 Bf5 4. Nf3 e6 5. Be2 Nd7 6. O-O Ne7 7. Nbd2 c5 8. c4 dxc4 9. Nxc4 Nc6 10. Bg5 Qb8 11. d5 exd5 12. Qxd5 Nb6 13. Qd2 Be6 14. Rad1 h6 15. Bh4 g5 16. Bg3 Nxc4 17. Bxc4 Be7 18. Bxe6 fxe6 19. Qd3 Kf7 20. Nd2 Qd8 21. Qf3+ Kg7 22. Nb3 Qe8 23. Qe3 b6 24. f4 c4 25. f5 exf5 26. e6 cxb3 27. Rxf5 Rf8 28. Be5+ Kg8 29. Rxf8+ Qxf8 30. Bc3 Bc5 0-1

[Event "EYCC Open U20 2021"]
[Site "Tornelo"]
[Date "2021.10.15"]
[Round "2.1"]
[White "Leisch, Lukas"]
[Black "Salemgareev, Tagir"]
[Result "0-1"]
[ECO "A20"]
[WhiteElo "2406"]
[BlackElo "2489"]
[Annotator "ChessBase"]
[PlyCount "84"]
[EventDate "2021.10.15"]
[EventType "swiss"]
[EventCountry "NET"]
[SourceTitle "playchess.com"]
[Source "ChessBase"]
[SourceQuality "1"]
[TimeControl "5400+30"]

1. c4 e5 2. g3 Nf6 3. Bg2 d5 4. cxd5 Nxd5 5. Nf3 Nc6 6. O-O Be7 7. d4 e4 8. Ne5 f5 9. Nxc6 bxc6 10. Qa4 Qd6 11. Rd1 O-O 12. Nc3 Be6 13. Nxd5 Bxd5 14. Bf4 Qd7 15. b4 g5 16. Be5 f4 17. Rab1 Bd6 18. b5 cxb5 19. Rxb5 Qe6 20. Bxd6 Qxd6 21. Qa5 c6 22. Rb7 Qf6 23. Kh1 Rae8 24. Qc5 a6 25. a4 f3 26. exf3 exf3 27. Bf1 Re2 28. Kg1 Rfe8 29. Rdb1 Rd2 30. Rb8 Rxb8 31. Rxb8+ Kg7 32. Rb7+ Bf7 33. Rd7 Rd1 34. h3 h6 35. Rd6 Qe7 36. Qe5+ Qxe5 37. dxe5 Bd5 38. g4 Ra1 39. Rf6 Bc4 40. Rxf3 Rxf1+ 41. Kh2 Bd5 42. Rf6 Rh1+ 0-1

[Event "EYCC Open U20 2021"]
[Site "Tornelo"]
[Date "2021.10.15"]
[Round "2.2"]
[White "Rozen, Eytan"]
[Black "Sokolovsky, Yahli"]
[Result "1/2-1/2"]
[ECO "A11"]
[WhiteElo "2386"]
[BlackElo "2422"]
[Annotator "ChessBase"]
[PlyCount "64"]
[EventDate "2021.10.15"]
[EventType "swiss"]
[EventCountry "NET"]
[SourceTitle "playchess.com"]
[Source "ChessBase"]
[SourceQuality "1"]
[TimeControl "5400+30"]

1. c4 c6 2. Nf3 d5 3. e3 Nf6 4. b3 e6 5. Nc3 Bd6 6. Bb2 O-O 7. Qc2 e5 8. cxd5 cxd5 9. Nb5 Nc6 10. Nxd6 Qxd6 11. d4 e4 12. Ne5 Nd7 13. Nxc6 bxc6 14. a4 Re8 15. Be2 Re6 16. Ba3 Qc7 17. b4 a6 18. h4 Rh6 19. g4 g5 20. Kd2 Rxh4 21. Rxh4 gxh4 22. Rh1 Nf8 23. Rxh4 Bd7 24. Qc5 Ne6 25. Qe7 Qd8 26. Qxd8+ Rxd8 27. Rh1 Ra8 28. Rh5 f6 29. Bb2 Ng5 30. Bc3 Kg7 31. Rh1 Nf3+ 32. Bxf3 exf3 1/2-1/2

[Event "EYCC Open U20 2021"]
[Site "Tornelo"]
[Date "2021.10.15"]
[Round "2.5"]
[White "Kirilmaz, Emre"]
[Black "Dudin, Gleb"]
[Result "0-1"]
[ECO "A45"]
[WhiteElo "2147"]
[BlackElo "2438"]
[Annotator "NA"]
[PlyCount "84"]
[EventDate "2021.10.15"]
[EventType "swiss"]
[EventCountry "NET"]
[SourceTitle "playchess.com"]
[Source "ChessBase"]
[SourceQuality "1"]
[TimeControl "5400+30"]

1. d4 Nf6 2. c3 d6 3. Bg5 Nbd7 4. Nd2 e5 5. e3 Be7 6. Bd3 O-O 7. Ngf3 b6 8. Qc2 h6 9. Bxf6 Bxf6 10. Bh7+ Kh8 11. Be4 Rb8 12. h4 exd4 13. exd4 c5 14. g4 cxd4 15. cxd4 Ba6 16. g5 {[%emt 0:01:43] [#]} Re8 $1 17. gxf6 $19 (17. Kd1 $11 {and White stays safe.}) 17... d5 18. fxg7+ Kg8 19. Qc6 dxe4 20. Qxh6 exf3+ 21. Kd1 Be2+ 22. Kc2 f6 23. Qh8+ Kf7 24. Qh5+ Ke7 25. Rag1 Rg8 26. Qf5 Rc8+ 27. Kb1 Ne5 28. Qf4 Nc4 29. Qe4+ Kd6 30. Nxc4+ Rxc4 31. h5 Re8 32. Qf4+ Kc6 33. Rc1 Kb7 34. Rxc4 Bxc4 35. h6 Qd5 36. b3 Bxb3 37. Rc1 Bxa2+ 38. Ka1 Qa5 39. Qc7+ Ka6 40. Qc3 Qa4 41. Qc6 Qa3 42. Qc2 Bb3+ 0-1

[Event "EYCC Open U20 2021"]
[Site "Tornelo"]
[Date "2021.10.15"]
[Round "2.6"]
[White "Murzin, Volodar"]
[Black "Kalogridis, Antonios"]
[Result "1-0"]
[ECO "B11"]
[WhiteElo "2513"]
[BlackElo "2275"]
[Annotator "ChessBase"]
[PlyCount "105"]
[EventDate "2021.10.15"]
[EventType "swiss"]
[EventCountry "NET"]
[SourceTitle "playchess.com"]
[Source "ChessBase"]
[SourceQuality "1"]
[TimeControl "5400+30"]

1. e4 c6 2. Nf3 d5 3. Nc3 dxe4 4. Nxe4 Nf6 5. Qe2 Bf5 6. Nxf6+ gxf6 7. d4 Qd5 8. Be3 Nd7 9. c3 e5 10. Qc4 Be6 11. Qxd5 cxd5 12. g3 h6 13. Nh4 e4 14. Ng2 Nb6 15. Bf4 Rc8 16. Ne3 a6 17. Rb1 Na4 18. f3 exf3 19. Bd3 b5 20. O-O Rc6 21. a3 Kd7 22. Rxf3 Nb6 23. Rf2 Na4 24. h4 Rg8 25. Kh2 Rh8 26. Re1 Rg8 27. Nf5 Rh8 28. Bc1 Nb6 29. Ne3 Be7 30. Ng2 Nc8 31. Nf4 Bd8 32. Nh5 Bg4 33. Bf5+ Bxf5 34. Rxf5 Re6 35. Rxd5+ Nd6 36. Rf1 Kc6 37. Rc5+ Kd7 38. Nf4 Re4 39. Rh5 f5 40. Kh3 Ke7 41. Nd3 Re6 42. Bf4 Ne8 43. Rxf5 f6 44. Rh5 Ng7 45. Rxh6 Rg8 46. Rh7 Kf7 47. Bh6 Bc7 48. Re1 Rxe1 49. Nxe1 Kg6 50. Rxg7+ Rxg7 51. Bxg7 Kxg7 52. Kg4 Kg6 53. Nd3 1-0

[Event "EYCC Open U20 2021"]
[Site "Tornelo"]
[Date "2021.10.15"]
[Round "2.7"]
[White "Ibrahimli, Murad"]
[Black "Stoleriu, George"]
[Result "1/2-1/2"]
[ECO "E00"]
[WhiteElo "2435"]
[BlackElo "2373"]
[Annotator "NA"]
[PlyCount "141"]
[EventDate "2021.10.15"]
[EventType "swiss"]
[EventCountry "NET"]
[SourceTitle "playchess.com"]
[Source "ChessBase"]
[SourceQuality "1"]
[TimeControl "5400+30"]

1. d4 Nf6 2. c4 e6 3. g3 Bb4+ 4. Bd2 Qe7 5. Bg2 Bxd2+ 6. Qxd2 d6 7. e3 O-O 8. Nc3 e5 9. Nge2 Re8 10. h3 h5 11. Nd5 Nxd5 12. cxd5 Nd7 13. Rc1 Nf6 14. dxe5 dxe5 15. Nc3 Rd8 16. e4 c6 17. O-O Bd7 18. Qe3 cxd5 19. exd5 Qd6 20. Rfe1 Re8 21. Qg5 Rac8 22. Re2 Re7 23. Rce1 Rce8 $1 24. a3 a5 25. Re4 Nxe4 26. Nxe4 Qg6 27. Qxg6 fxg6 28. Nd6 Kf8 29. Nxe8 Rxe8 30. Be4 Kf7 31. Kg2 Rc8 32. Re3 g5 33. Rf3+ Ke7 34. d6+ Kxd6 35. Rf7 g4 36. hxg4 hxg4 37. Rxg7 Rf8 38. Kf1 b5 39. Ke2 b4 40. axb4 axb4 41. Ke3 Rf6 $11 42. Rg8 Kc7 43. Ra8 Rb6 44. Ra5 Kd6 45. Bd3 Ke6 46. Be2 Kf6 47. Rc5 Be6 48. Rc7 Rd6 49. Rh7 Rd4 50. Rh5 Bf5 51. Rh6+ Ke7 52. Rb6 Re4+ 53. Kd2 Rd4+ 54. Ke1 Be6 55. Rc6 Bd5 56. Rc7+ Kd6 57. Rc8 Be6 58. Rd8+ Kc5 59. Re8 Kd6 60. Ba6 Bd7 61. Rg8 Be6 62. Rd8+ Kc5 63. Re8 Kd6 64. Bc8 Bxc8 65. Rxc8 Kd5 66. Ke2 Re4+ 67. Kd2 Rd4+ 68. Ke3 Re4+ 69. Kd2 Rd4+ 70. Ke3 Re4+ 71. Kd2 1/2-1/2

[Event "EYCC Open U20 2021"]
[Site "Tornelo"]
[Date "2021.10.15"]
[Round "2.8"]
[White "Crevatin, Leo"]
[Black "Koelle, Tobias"]
[Result "0-1"]
[ECO "E24"]
[WhiteElo "2275"]
[BlackElo "2393"]
[Annotator "ChessBase"]
[PlyCount "122"]
[EventDate "2021.10.15"]
[EventType "swiss"]
[EventCountry "NET"]
[SourceTitle "playchess.com"]
[Source "ChessBase"]
[SourceQuality "1"]
[TimeControl "5400+30"]

1. d4 d5 2. c4 e6 3. Nc3 Bb4 4. a3 Bxc3+ 5. bxc3 Nf6 6. cxd5 exd5 7. e3 Bf5 8. Ne2 O-O 9. Ng3 Bg6 10. Bd3 Bxd3 11. Qxd3 c5 12. O-O cxd4 13. exd4 Nbd7 14. Nf5 g6 15. Bh6 Re8 16. Nd6 Re6 17. Nxb7 Qc7 18. Nc5 Nxc5 19. dxc5 Ng4 20. Qh3 Nxh6 21. Qxh6 Qxc5 22. Qd2 Rae8 23. g3 Re2 24. Qd4 Qxd4 25. cxd4 Rd2 26. Rfd1 Ree2 27. Rxd2 Rxd2 28. Rb1 Rxd4 29. Rb5 Ra4 30. Rxd5 Rxa3 31. Rd8+ Kg7 32. Ra8 g5 33. g4 a5 34. Kg2 a4 35. f3 Ra1 36. h4 gxh4 37. Kh3 a3 38. Ra6 a2 39. Kh2 Kf8 40. Ra7 h6 41. Kg2 Ke8 42. Kh2 Kd8 43. f4 Kc8 44. f5 Kb8 45. Ra3 Kb7 46. Ra4 Kb6 47. Ra8 Kc5 48. Ra4 Kd5 49. Kg2 Ke5 50. Kh2 Kf6 51. Kg2 Kg5 52. Kh2 h3 53. Ra5 Kxg4 54. f6 Kf4 55. Ra6 Kf5 56. Ra5+ Kxf6 57. Ra6+ Ke5 58. Ra5+ Kd4 59. Ra3 f5 60. Ra4+ Kc3 61. Ra8 Rd1 0-1

[Event "EYCC Open U20 2021"]
[Site "Tornelo"]
[Date "2021.10.15"]
[Round "2.9"]
[White "Levin, Guy"]
[Black "Melaugh, Shane"]
[Result "0-1"]
[ECO "A96"]
[WhiteElo "2359"]
[BlackElo "2175"]
[Annotator "ChessBase"]
[PlyCount "114"]
[EventDate "2021.10.15"]
[EventType "swiss"]
[EventCountry "NET"]
[SourceTitle "playchess.com"]
[Source "ChessBase"]
[SourceQuality "1"]
[TimeControl "5400+30"]

1. Nf3 f5 2. g3 Nf6 3. Bg2 d6 4. d4 e6 5. c4 Be7 6. Nc3 O-O 7. O-O Ne4 8. Nxe4 fxe4 9. Nd2 d5 10. f3 Nc6 11. fxe4 Rxf1+ 12. Kxf1 dxc4 13. Nf3 b5 14. Kg1 e5 15. d5 Bc5+ 16. Kh1 Qd6 17. Bd2 Nd4 18. Ng1 Bg4 19. h3 Bh5 20. g4 Bg6 21. e3 Nc6 22. dxc6 Rd8 23. Nf3 Bxe4 24. Qf1 Qxc6 25. Qe2 Bd3 26. Qf2 Be4 27. Nh4 Rf8 28. Qg3 Qd5 29. Bc3 Bd6 30. Nf5 b4 31. Be1 Bc5 32. Bxe4 Qxe4+ 33. Qg2 Qd3 34. Bg3 c3 35. bxc3 bxc3 36. Rc1 Bxe3 37. Qf3 Rxf5 38. gxf5 e4 39. Qh5 Kf8 40. Bf2 Bxf2 41. Rd1 Qf3+ 42. Qxf3 exf3 43. Rd8+ Kf7 44. Rd3 Be1 45. Rd7+ Kf6 46. Rxc7 Bd2 47. Kg1 Be3+ 48. Kf1 Bd4 49. Rd7 Ke5 50. Rxg7 Kxf5 51. Rxh7 Ke4 52. Rc7 Kd3 53. h4 c2 54. h5 Bc3 55. Rd7+ Ke4 56. Re7+ Kf5 57. Rf7+ Ke6 0-1

[Event "EYCC Open U20 2021"]
[Site "Tornelo"]
[Date "2021.10.15"]
[Round "2.10"]
[White "Tryggestad, Andreas Garberg"]
[Black "Nordquelle, Daniel"]
[Result "0-1"]
[ECO "D31"]
[WhiteElo "2268"]
[BlackElo "2143"]
[Annotator "ChessBase"]
[PlyCount "96"]
[EventDate "2021.10.15"]
[EventType "swiss"]
[EventCountry "NET"]
[SourceTitle "playchess.com"]
[Source "ChessBase"]
[SourceQuality "1"]
[TimeControl "5400+30"]

1. d4 d5 2. c4 e6 3. Nc3 Bb4 4. Nf3 dxc4 5. g3 Ne7 6. Qa4+ Nbc6 7. a3 Bxc3+ 8. bxc3 Qd5 9. Bg2 b5 10. Qc2 Rb8 11. O-O Qd7 12. Rb1 a6 13. Ng5 e5 14. d5 Na5 15. f4 e4 16. Bxe4 h6 17. Nf3 Nxd5 18. Nd4 Bb7 19. Rd1 Qe7 20. e3 Nxe3 21. Bxe3 Qxe4 22. Qxe4+ Bxe4 23. Rb2 O-O 24. Kf2 Rfd8 25. Rc1 c5 26. Ne2 Bd3 27. Ng1 Nb3 28. Re1 a5 29. Nf3 b4 30. axb4 axb4 31. cxb4 cxb4 32. Ne5 Rdc8 33. Nxd3 Na5 34. Nxb4 Nc6 35. Bd2 Nd4 36. Bc3 Ne6 37. Kf3 Nc5 38. Ra1 Rb7 39. Nd5 Rd7 40. Nb6 Rd3+ 41. Kg4 Rc6 42. Be1 c3 43. Bxc3 Rxc3 44. Nd5 Nd3 45. Rd2 f5+ 46. Kh5 Rb3 47. Ne7+ Kh7 48. Nxc6 Nxf4+ 0-1

[Event "EYCC Open U20 2021"]
[Site "Tornelo"]
[Date "2021.10.15"]
[Round "2.11"]
[White "Bruaset, Eivind"]
[Black "Pliukha, Myhajlo"]
[Result "1/2-1/2"]
[ECO "C27"]
[WhiteElo "2200"]
[BlackElo "2217"]
[Annotator "ChessBase"]
[PlyCount "118"]
[EventDate "2021.10.15"]
[EventType "swiss"]
[EventCountry "NET"]
[SourceTitle "playchess.com"]
[Source "ChessBase"]
[SourceQuality "1"]
[TimeControl "5400+30"]

1. e4 e5 2. Nc3 Nf6 3. Bc4 c6 4. d4 Bb4 5. dxe5 Nxe4 6. Qd4 d5 7. exd6 O-O 8. Be3 Nxc3 9. bxc3 Bxd6 10. Nf3 Bf5 11. Rd1 Bc7 12. Bxf7+ Rxf7 13. Qxd8+ Bxd8 14. Rxd8+ Rf8 15. Rxf8+ Kxf8 16. Nd4 Bd7 17. Bf4 Na6 18. f3 Kf7 19. Nb3 Bf5 20. Kd2 Re8 21. Re1 Rxe1 22. Kxe1 Bxc2 23. Na5 Ke6 24. Be3 Bb1 25. a3 c5 26. Nxb7 Kd5 27. Kd2 Bg6 28. Na5 c4 29. Bxa7 Be8 30. Bd4 g6 31. Ke3 Nc7 32. Nb7 Ne6 33. Bf6 Nc7 34. Be7 Kc6 35. Nd6 Bd7 36. Nxc4 Nd5+ 37. Kd4 Nxe7 38. Ne5+ Kd6 39. Nxd7 Nf5+ 40. Ke4 Kxd7 41. Ke5 Nh4 42. Kf6 Nxg2 43. Kg7 Nh4 44. f4 Ng2 45. Kxh7 Nxf4 46. Kh6 Nd5 47. Kxg6 Nxc3 48. h4 Ne2 49. Kg5 Ng3 50. Kg4 Ne4 51. Kf4 Nf6 52. Kf5 Nh5 53. Kg4 Nf6+ 54. Kg5 Ne4+ 55. Kg6 Ng3 56. a4 Kc6 57. a5 Kb5 58. a6 Kxa6 59. h5 Nxh5 1/2-1/2

[Event "EYCC Open U20 2021"]
[Site "Tornelo"]
[Date "2021.10.15"]
[Round "3.1"]
[White "Salemgareev, Tagir"]
[Black "Pantzar, Milton"]
[Result "1/2-1/2"]
[ECO "A13"]
[WhiteElo "2489"]
[BlackElo "2413"]
[Annotator "ChessBase"]
[PlyCount "66"]
[EventDate "2021.10.15"]
[EventType "swiss"]
[EventCountry "NET"]
[SourceTitle "playchess.com"]
[Source "ChessBase"]
[SourceQuality "1"]
[TimeControl "5400+30"]

1. Nf3 d5 2. e3 Nf6 3. c4 e6 4. b3 b6 5. Bb2 Bb7 6. Nc3 Nbd7 7. Qc2 a6 8. Be2 Bd6 9. Rg1 c5 10. O-O-O b5 11. cxb5 axb5 12. Nxb5 Be7 13. Kb1 O-O 14. Nc3 Qa5 15. g4 c4 16. Nd4 Rfc8 17. g5 Ne4 18. bxc4 Nb6 19. f3 Nxc3+ 20. Bxc3 Qa7 21. Nb5 Qa6 22. Ka1 Nxc4 23. Rb1 e5 24. Bxc4 Rxc4 25. Rg4 d4 26. exd4 Ra4 27. Rb2 Bd5 28. dxe5 Rxa2+ 29. Rxa2 Bxa2 30. Nc7 Qa3 31. Nb5 Qa6 32. Nc7 Qa3 33. Nb5 Qa6 1/2-1/2